 Dungeon Crawl Stone Soup version 0.27-a0-412-g8dd771eca2 (webtiles) character file.

Game seed: 13676277196837778255

2 siradein the Caller (level 1, -3/10 HPs)
             Began as a Vampire Summoner on Feb 24, 2021.
             Slain by a hobgoblin
             ... wielding a +0 club
              (4 damage)
             ... on level 1 of the Dungeon.
             The game lasted 00:00:30 (165 turns).

siradein the Caller (Vampire Summoner)               Turns: 165, Time: 00:00:31

Health: -3/10      AC:  2    Str:  7    XL:     1   Next: 25%
Magic:  1/3        EV: 12    Int: 17    God:
Gold:   6          SH:  0    Dex: 14    Spells: 3/4 levels left

rFire    . . .     SeeInvis +   (no weapon)
rCold    + + .     Faith    .   (no shield)
rNeg     + + +     Spirit   .   a - +0 robe
rPois    ∞         Reflect  .   (no helmet)
rElec    .         Harm     .   (no cloak)
rCorr    .         Rampage  .   (no gloves)
Will     .....                  (no boots)
Stlth    ++++......             (no amulet)
HPRegen  0.00/turn              (no ring)
MPRegen  0.08/turn              (no ring)

@: bloodless
A: fangs 3, see invisible, unbreathing
a: Revivify


You were on level 1 of the Dungeon.
You visited 1 branch of the dungeon, and saw 1 of its levels.

You collected 6 gold pieces.

Inventory:

Armour
 a - a +0 robe (worn)
Potions
 b - a potion of haste {unknown}


   Skills:
 - Level 2.1 Dodging
 - Level 3.0 Stealth
 - Level 2.0 Spellcasting
 + Level 4.1 Summonings


You had 3 spell levels left.
You knew the following spells:

 Your Spells              Type           Power        Failure   Level
a - Summon Small Mammal   Summ           60%          3%          1

Your spell library contained the following spells:

 Spells                   Type           Power        Failure   Level
 Call Imp                 Summ           15%          5%          2
 Call Canine Familiar     Summ           15%          11%         3
 Summon Guardian Golem    Hex/Summ       8%           26%         3
 Summon Ice Beast         Ice/Summ       8%           63%         4
 Summon Lightning Spire   Summ/Air       8%           63%         4


Dungeon Overview and Level Annotations

Branches:
Dungeon (1/15)

Altars:


Innate Abilities, Weirdness & Mutations

You do not regenerate when monsters are visible.
You are frail without blood (-20% HP).
You can heal yourself when you bite living creatures.
You are immune to poison.
You have razor-sharp teeth.
You have supernaturally acute eyesight. (SInv)
You can survive without breathing.


Message History

You now have 6 gold pieces.
A kobold comes into view. It is wielding a +0 whip.
Found 12 gold pieces.
Found a leather armour.
Casting: Summon Small Mammal (safe; 3% risk of failure)
Press: ? - help, Q - select action Dir - look around, f - activate
Casting: Summon Small Mammal (safe; 3% risk of failure)
Press: ? - help, Q - select action Dir - look around, f - activate
Casting: Summon Small Mammal (safe; 3% risk of failure)
Press: ? - help, Q - select action Dir - look around, f - activate Your bat hits the kobold but does no damage.
The kobold shouts!
Your rat barely misses the kobold.
The kobold misses your bat.
You hear a shout!
Your bat barely misses the kobold.
Your rat misses the kobold.
Your rat barely misses the kobold.
A hobgoblin comes into view. It is wielding a +0 club.
You hit the kobold but do no damage.
Your bat hits the kobold but does no damage.
The kobold hits you with a +0 whip.
Your rat bites the kobold.
You hit the kobold.
You kill the kobold!
You swap places.
Things that are here:
a +0 whip; 4 stones; a kobold corpse You swap places.
An ooze comes into view.
The hobgoblin hits you with a +0 club.
* * * LOW HITPOINT WARNING * * *
You closely miss the hobgoblin. Your bat misses the hobgoblin.
Your rat barely misses the hobgoblin.
You barely miss the hobgoblin.
Your bat hits the hobgoblin but does no damage.
The hobgoblin hits you with a +0 club.
* * * LOW HITPOINT WARNING * * *
Your rat bites the hobgoblin. x2
You hit the hobgoblin but do no damage.
The hobgoblin is severely wounded.
Your bat misses the hobgoblin. The hobgoblin hits you with a +0 club.
You die...

.... ## ... #. .[
..
####.####J###..
#.........#....
#.....b.....#
#......g...# #+#
#.....r@r.#
####.####
#....$....#
##..#.#..#
#....)....#
#.#.#.#.#.
#########.#
#..#...#..
#.#######.....##
#.#..+.....<....
#...#####.....##
#..#..#..#...#..
##....##.#.#.#.#.


You could see an ooze, a hobgoblin (ally target), a friendly bat (summoned) and
2 friendly rats.

Vanquished Creatures
  A hobgoblin (D:1)
  A kobold (D:1)
2 creatures vanquished.

Notes
Turn   | Place    | Note
-------+----------+-------------------------------------------
     0 | D:1      | siradein the Vampire Summoner began the quest for the Orb.
     0 | D:1      | Reached XP level 1. HP: 13/13 MP: 3/3
   165 | D:1      | Slain by a hobgoblin

Illustrated notes

Levels and vault maps discovered:
D:1:      nzn_arrival_crosshair, layout_rooms, minmay_tree_intersection,
          minivault_24, kennysheep_doodads

Action                   || total
-------------------------++-------
Melee: Unarmed           ||    12
 Cast: Summon Small Mamm ||     5
 Abil: Exsanguinate      ||     1
 Stab: Distracted        ||     1
Dodge: Dodged            ||     3

Table legend: (Time is in decaauts)
 A = Elapsed time spent in this place.
 B = Non-inter-level travel time spent in this place.
 C = Inter-level travel time spent in this place.
 D = Time resting spent in this place.
 E = Time spent auto-exploring this place.
 F = Levels seen in this place.
 G = Mean time per level.
                   A        B        C        D        E       F      G
               +--------+--------+--------+--------+--------+-----+--------+
         Total |    165 |    165 |      0 |      0 |    130 |   1 |  165.0 |
       Dungeon |    165 |    165 |      0 |      0 |    130 |   1 |  165.0 |
               +--------+--------+--------+--------+--------+-----+--------+

Top non-repeatable levels by time:
     D:1: 165 daAuts
